Map: Proxima Station LE

Players

MaSa - Winner!

  • Race: Terran Terran
  • Spawn Location: 1:00

Kelazhur

  • Race: Terran Terran
  • Spawn Location: 7:00

Event: WCS Valencia 2017

VOD

Have the link to the VOD?

Description

Time

  • Played on: July 14, 2017, 10:25 a.m.
  • Length: 7:52

All games in this series

Show
View Real Time Build Order
Export as new Build Order

MaSa Terran - Winner!

Build Orders: Liberator Opening 

Get SALT Encoding   

  12  0:00  SCV  
  13  0:12  SCV  
  14  0:17  Supply Depot  
  14  0:25  SCV  
  14  0:27  Refinery  
  15  0:39  SCV  
  16  0:45  Barracks  
  16  0:51  SCV  
  17  1:03  SCV  
  18  1:15  SCV  
  19  1:32  Orbital Command, Reaper  
  20  1:48  Bunker  
  20  1:51  Factory  
  20  1:56  Supply Depot  
  20  1:59  SCV  
  21  2:04  Marine  
  22  2:10  Refinery  
  22  2:11  SCV  
  23  2:19  Supply Depot  
  23  2:21  Marine  
  24  2:23  SCV  
  25  2:35  SCV  
  26  2:37  Hellion, Starport  
  26  2:40  Marine  
  29  2:47  SCV  
  30  2:55  Liberator, Supply Depot  
  30  2:58  Marine, Widow Mine  
  30  2:59  SCV  
  34  3:11  SCV  
  38  3:24  SCV  
  39  3:29  Cyclone  
  39  3:33  Engineering Bay  
  42  3:36  SCV  
  42  3:48  SCV  
  42  3:49  Supply Depot  
  42  3:52  Marine  
  43  3:56  Starport Tech Lab  
  43  4:00  SCV, Missile Turret  
  44  4:04  Cyclone  
  44  4:08  Supply Depot  
  47  4:16  SCV  
  48  4:21  Banshee, Cloaking Field  
  51  4:30  SCV  
  52  4:32  Marine, Supply Depot  
  49  4:53  SCV  
  50  5:04  Viking  
  52  5:09  SCV  
  53  5:20  Command Center  
  53  5:21  SCV  
  54  5:24  Missile Turret  
  54  5:33  SCV  
  50  5:36  Banshee  
  53  5:45  SCV, Marine  
  53  5:47  Factory Tech Lab  
  55  5:57  SCV  
  55  6:09  SCV  
  55  6:19  Banshee  
  55  6:21  SCV  
  55  6:22  Command Center  
  55  6:25  Barracks Reactor  
  59  6:33  SCV  
  59  6:34  Refinery  
  59  6:36  Refinery  
  60  6:45  SCV  
  60  6:57  SCV  
Show
View Real Time Build Order
Export as new Build Order

Kelazhur Terran 

Build Orders: Cyclone Opening 

Get SALT Encoding   

  12  0:00  SCV  
  13  0:12  SCV  
  14  0:18  Supply Depot  
  14  0:25  SCV  
  15  0:40  Barracks  
  15  0:45  Refinery  
  15  0:58  Barracks  
  15  1:02  SCV  
  16  1:15  SCV, Refinery  
  17  1:28  Reaper  
  18  1:34  Orbital Command  
  18  1:45  Reaper  
  19  2:00  SCV, Reaper  
  21  2:10  Factory  
  21  2:15  SCV  
  22  2:27  SCV  
  23  2:33  Supply Depot  
  23  2:55  SCV  
  23  2:56  Starport  
  23  2:57  Cyclone  
  27  3:00  Supply Depot  
  27  3:03  Barracks Tech Lab  
  27  3:07  SCV  
  28  3:19  SCV  
  28  3:29  Cyclone  
  28  3:31  SCV  
  31  3:43  Cloaking Field  
  30  3:49  SCV  
  30  3:50  Banshee  
  33  4:02  SCV  
  33  4:14  SCV  
  33  4:26  SCV  
  34  4:38  SCV  
  33  4:50  SCV  
  33  4:58  Banshee  
  36  5:02  SCV  
  37  5:14  SCV  
  38  5:26  SCV  
  36  5:38  SCV  
  36  5:41  Raven  
  39  5:48  Command Center  
  39  5:55  Supply Depot  
  39  6:00  Barracks Reactor, Barracks Tech Lab  
  39  6:12  SCV  
  37  6:25  SCV, Marine  
  36  6:37  SCV  
  34  6:49  SCV  
Tags
 
Add a new tag
Caveats
  • Supply blocks, unpowered buildings, or Contaminate may cause inaccurate times.
  • Supply counts are checked every 10 seconds.